Description

FE + Stalkers, later into 3 Base HT + Stalker timing Attack

Build Order

Get SALT Encoding   

  13  0:00  Probe  
  14  0:13  Probe  
  14  0:17  Pylon  
  14  0:24  Probe  
  15  0:35  Probe (Chrono Boost)  
  16  0:36  Gateway  
  17  0:44  Probe (Chrono Boost)  
  17  0:45  Assimilator  
  18  0:52  Probe (Chrono Boost)  
  19  1:04  Probe  
  20  1:16  Probe  
  20  1:24  Cybernetics Core  
  20  1:32  Nexus  
  20  1:38  Pylon  
  21  1:45  Probe  
  21  1:46  Assimilator  
  22  1:57  Probe  
  24  2:00  Stalker (Chrono Boost)  
  24  2:01  Warp Gate  
  25  2:10  Probe  
  26  2:19  Probe  
  28  2:20  Stalker  
  29  2:27  Probe  
  30  2:38  Twilight Council, Probe  
  32  2:50  Stalker  
  34  2:51  Probe x2  
  34  3:00  Pylon  
  36  3:03  Probe x2  
  36  3:12  Gateway  
  36  3:14  Gateway  
  36  3:19  Blink (Chrono Boost)  
  38  3:24  Stalker  
  40  3:28  Probe x2  
  42  3:40  Probe x2  
  42  3:42  Robotics Facility  
  42  3:50  Pylon  
  44  3:52  Probe x2  
  46  4:04  Probe x2  
  48  4:06  Pylon, Stalker  
  50  4:07  Stalker  
  52  4:11  Stalker  
  52  4:21  Probe x2, Assimilator x2  
  56  4:33  Probe, Stalker x2  
  62  4:40  Stalker  
  64  4:45  Probe x2, Observer  
  65  5:00  Pylon, Nexus  
  65  5:03  Pylon, Observer  
  66  5:10  Charge (Chrono Boost)  
  72  5:22  Stalker x3  
  74  5:25  Probe x2  
  75  5:28  Observer  
  77  5:37  Probe x2  
  77  5:47  Templar Archives  
  77  5:48  Pylon  
  79  5:49  Probe x2  
  80  5:50  Observer  
  82  6:01  Probe x2  
  82  6:08  Pylon x2  
  82  6:12  Assimilator x2  
  85  6:14  Probe x3  
  91  6:17  Zealot x3  
  92  6:19  Observer  
  95  6:26  Probe x3, Gateway x3, Pylon  
  95  6:36  Psionic Storm (Chrono Boost)  
  98  6:38  Probe x3  
  102  6:45  High Templar x2, Zealot  
  104  6:50  Probe x3, Pylon  
  107  6:55  Forge  
  108  7:02  Probe  
  110  7:05  Warp Prism (Chrono Boost)  
  110  7:10  Forge  
  113  7:11  Probe x3  
  117  7:20  High Templar x2, Zealot x4  
  125  7:30  Gateway x2  
  125  7:32  Pylon  
  125  7:40  Protoss Ground Weapons Level 1 (Chrono Boost)  
  125  7:45  Protoss Ground Armor Level 1 (Chrono Boost)  
  127  7:50  High Templar x2  
  127  8:00  Nexus, Pylon  
  127  8:02  Gateway x2, Pylon x2  
  139  8:20  Zealot x6  Engage
Spawning Tool Build Advisor. Get it on Overwolf

Analysis

its a pretty solid build in PvT matchups, you wanna engage around min 7-8, latest 8:30 If the engage fails, transition to air is possible or get more gateways and go for mass stalker zealot If enemy is defensive get 5th Nexus at 9 min. don't forget to get upgrades going to 2-2-0 / 3-3-0 if you want to transition to air get 2-1-1 and start air upgrades. keep ground force to def and air to push

Go to:

Details

  • Created by: Serit
  • Published on: Dec 26, 2018
  • Modified on: Dec 27, 2018
  • Patch: 4.7.1
Show
View Real Time Build Order
Export as new Build Order

Comments (0)

There are no comments. Be the first!

Create an account to comment!